 Dungeon Crawl Stone Soup version 0.19.0 (webtiles) character file.

98 Gorglomux the Changer (level 4, -6/28 HPs)
             Began as an Octopode Transmuter on Nov 1, 2016.
             Killed from afar by Natasha (11 damage)
             ... with a magic dart
             ... on level 2 of the Dungeon.
             The game lasted 00:04:27 (1380 turns).

Gorglomux the Changer (Octopode Transmuter)         Turns: 1380, Time: 00:04:28

Health: -6/28      AC:  1    Str:  9    XL:     4   Next: 71%
Magic:  2/8        EV: 13    Int: 16    God:
Gold:   22         SH:  0    Dex: 12    Spells: 3 memorised, 3 levels left

rFire  . . .     SeeInvis .       - Unarmed
rCold  . . .     Gourm    .     (no shield)
rNeg   . . .     Faith    .     (helmet restricted)
rPois  .         Spirit   .     (no amulet)
rElec  .         Reflect  .     (no ring)
rCorr  .         Harm     .     (no ring)
MR     .....                    (no ring)
Stlth  ++........               (no ring)
                                (no ring)
                                (no ring)
                                (no ring)
                                (no ring)

@: very slightly contaminated
A: almost no armour, stealthy swim, amphibious, 8 rings, constrict 8, camouflage
1, gelatinous body 1
a: no special abilities


You were on level 2 of the Dungeon.
You were very hungry.

You visited 1 branch of the dungeon, and saw 2 of its levels.

You collected 22 gold pieces.

Inventory:

Missiles
 a - 6 arrows
Scrolls
 g - a scroll of identify {unknown}
Potions
 d - a potion of degeneration {unknown}
 e - a potion of lignification {unknown}
 f - a potion of might {unknown}
Books
 b - a book of Changes

   Spells                             Type                      Level
   a - Beastly Appendage              Transmutation                1
   b - Sticks to Snakes               Transmutation                2
   c - Spider Form                    Transmutation/Poison         3
   d - Ice Form                       Ice/Transmutation            4
   e - Blade Hands                    Transmutation                5
Comestibles
 c - a bread ration
 h - a beef jerky


   Skills:
 - Level 1.0 Fighting
 - Level 2.0 Dodging
 - Level 3.0 Unarmed Combat
 + Level 3.0 Spellcasting
 * Level 3.9 Transmutations


You had 3 spell levels left.
You knew the following spells:

 Your Spells              Type           Power        Failure   Level  Hunger
a - Beastly Appendage     Tmut           ###...       4%          1    #......
b - Sticks to Snakes      Tmut           ###.....     8%          2    ##.....
c - Spider Form           Tmut/Pois      #.........   28%         3    ###....


Dungeon Overview and Level Annotations

Branches:
Dungeon (2/15)

Altars:

Annotations:
D:2 Natasha


Innate Abilities, Weirdness & Mutations

You cannot wear most types of armour.
You are very stealthy in the water. (Stealth+)
You are amphibious.
You can wear up to eight rings at the same time.
You can use your tentacles to constrict eight enemies at once.
Your skin changes colour to match your surroundings (Stealth+).
Your rubbery body absorbs attacks. (AC +1, EV +1)


Message History

Confirm with . or Enter, or press ? or * to list all spells.
You create a snake!
You now have 7 arrows.
Natasha howls an incantation.
Natasha shimmers violently.
Natasha claws your ball python.
Your ball python dies!
Casting: Sticks to Snakes
Confirm with . or Enter, or press ? or * to list all spells.
You miscast Sticks to Snakes.
You are very lightly contaminated with residual magic.
The air around you crackles with energy!
Natasha misses you.
Casting: Sticks to Snakes
Confirm with . or Enter, or press ? or * to list all spells.
You create a snake!
You now have 6 arrows.
Natasha barely misses you.
You swap places.
Natasha claws your ball python!
Your ball python dies!
Natasha stares at you and mumbles some strange words.
The magic dart hits you!
You die...

#.# #.###
#.########....
#........#..##
#####.######.#..#
#.##..#####.....##
#....##.....%.....
#h#####.###.....#.
#.#####.#.........
#@..........)##...
#######.#.#..##...
#.#.#..##.).
#.#.#.......
#.#.#.###.#.
#.#.#.# #.#.
#.#.#.# #.#.
#.#.#.# #... .....
....


You could see Natasha.

Vanquished Creatures
  Natasha (twice) (D:2)
  An adder (D:2)
  An ooze (D:2)
  2 dart slugs
  A leopard gecko (D:1)
  A ball python (D:2)
  A giant cockroach (D:2)
  12 goblins
  2 hobgoblins (D:1)
  2 jackals (D:2)
  2 bats (D:1)
  6 frilled lizards
  A kobold (D:2)
  A rat (D:2)
35 creatures vanquished.

Notes
Turn   | Place    | Note
-------+----------+-------------------------------------------
     0 | D:1      | Gorglomux the Octopode Transmuter began the quest for the Orb.
     0 | D:1      | Reached XP level 1. HP: 13/13 MP: 3/3
   263 | D:1      | Reached XP level 2. HP: 11/18 MP: 3/5
   428 | D:1      | Learned a level 2 spell: Sticks to Snakes
   768 | D:2      | Reached XP level 3. HP: 22/23 MP: 4/6
   773 | D:2      | Learned a level 3 spell: Spider Form
   908 | D:2      | Noticed Natasha
   951 | D:2      | Killed Natasha
   951 | D:2      | Reached XP level 4. HP: 10/28 MP: 1/8
  1348 | D:2      | Noticed Natasha
  1358 | D:2      | Killed Natasha
  1361 | D:2      | Noticed Natasha
  1380 | D:2      | Killed from afar by Natasha

Skill      XL: |  1  2  3  4 |
---------------+-------------+-----
Transmutations | 3 |  3.9
Spellcasting   | 3 |  3.0
Fighting       | |  1.0
Dodging        | |  2.0
Unarmed Combat | |  3.0

Action                   |  1- 3 |  4- 6 || total
-------------------------+-------+-------++-------
Melee: Unarmed           |    73 |    10 ||    83
       Constrict         |    20 |       ||    20
       Kick              |    11 |       ||    11
       Tentacles         |     5 |       ||     5
       Punch             |     1 |       ||     1
 Cast: Beastly Appendage |    16 |     1 ||    17
       Sticks to Snakes  |     4 |     2 ||     6
       Spider Form       |       |     2 ||     2
 Stab: Sleeping          |     4 |       ||     4
  Eat: Chunk             |       |     1 ||     1
Armor: Skin              |     9 |     1 ||    10
Dodge: Dodged            |    46 |    10 ||    56
